 Dungeon Crawl Stone Soup version 0.25-a0-316-gd28d56f9c5 (webtiles) character file.

Game seed: 5948159553454546723, levelgen mode: deterministic

8 Lanoc the Sneak (level 2, -1/22 HPs)
             Began as a Mummy Assassin on Dec 25, 2019.
             Slain by a hobgoblin
             ... wielding a cursed -2 club
              (6 damage)
             ... on level 1 of the Dungeon.
             The game lasted 00:00:40 (147 turns).

Lanoc the Sneak (Mummy Assassin)                     Turns: 147, Time: 00:00:41

Health: -1/22      AC:  4    Str: 14    XL:     2   Next: 0%
Magic:  2/2        EV: 12    Int: 10    God:
Gold:   15         SH:  0    Dex: 13    Spells: 1/1 levels left

rFire    x . .     SeeInvis .   a - +2 dagger
rCold    + . .     Gourm    .   (no shield)
rNeg     + + +     Faith    .   b - +0 robe
rPois    ∞         Spirit   .   (no helmet)
rElec    .         Reflect  .   c - +0 cloak
rCorr    .         Harm     .   f - +0 pair of gloves
MR       .....                  (no boots)
Stlth    ++........             (no amulet)
HPRegen  0.07/turn              (no ring)
MPRegen  0.08/turn              (no ring)

@: no status effects
A: no food or potions, fire vulnerability, cold resistance 1, negative energy
resistance 3, torment resistance, unbreathing
a: no special abilities


You were on level 1 of the Dungeon.
You were not hungry.

You visited 1 branch of the dungeon, and saw 1 of its levels.

You collected 15 gold pieces.

Inventory:

Hand Weapons
 a - a +2 dagger (weapon)
Missiles
 d - 8 poisoned darts (quivered)
 e - 2 curare-tipped darts
Armour
 b - a +0 robe (worn)
 c - a +0 cloak (worn)
 f - a +0 pair of gloves (worn)
Scrolls
 g - a scroll of identify {unknown}
 h - a scroll of blinking {unknown}
 i - a scroll of immolation {unknown}


   Skills:
 + Level 2.1 Fighting
 + Level 1.7 Short Blades
 - Level 1.5 Throwing
 + Level 1.0 Dodging
 * Level 3.4 Stealth


You had one spell level left.
You didn't know any spells.
Your spell library was empty.

Dungeon Overview and Level Annotations

Branches:
Dungeon (1/15)

Altars:


Innate Abilities, Weirdness & Mutations

You do not eat or drink.
Your flesh is vulnerable to fire.
You are immune to poison.
Your flesh is cold resistant. (rC+)
You are immune to negative energy. (rN+++)
You are immune to unholy pain and torment.
You can survive without breathing.


Message History

You hit the hobgoblin but do no damage.
The hobgoblin hits you but does no damage.
You hit the hobgoblin but do no damage. The hobgoblin barely misses you.
You see here a scroll labeled FAGOZO ZYOSOSA.
The hobgoblin hits you but does no damage.
The hobgoblin barely misses you. x2
You hit the hobgoblin but do no damage.
The hobgoblin hits you but does no damage.
You hit the hobgoblin but do no damage.
The hobgoblin hits you with a cursed -2 club.
* * * LOW HITPOINT WARNING * * *
You hit the hobgoblin.
The hobgoblin is almost dead.
The hobgoblin hits you with a cursed -2 club.
* * * LOW HITPOINT WARNING * * *
You barely miss the hobgoblin.
The hobgoblin is almost dead.
The hobgoblin hits you with a cursed -2 club.
You die... #.... #.#.# #.#. ..... #...###)#. ...[.####...#...#. #.#...........### .....###........† gb.

... #####.....#.......
.........................(.
.........########...........
...........@gg........#.####
.......#.####hg..........# #
.........##...#.......##.# #
.........##h##..#.#...# # #
...........g#.......#..# #
#.................###...
###......###......# .#.
.................... .
..........###........


You could see a jackal, 2 hobgoblins and a goblin.

Vanquished Creatures
  A leopard gecko (D:1)
  2 jackals (D:1)
  2 goblins (D:1)
  A kobold (D:1)
  A rat (D:1)
7 creatures vanquished.

Notes
Turn   | Place    | Note
-------+----------+-------------------------------------------
     0 | D:1      | Lanoc the Mummy Assassin began the quest for the Orb.
     0 | D:1      | Reached XP level 1. HP: 16/16 MP: 1/1
   121 | D:1      | Reached skill level 1 in Dodging
   135 | D:1      | Reached XP level 2. HP: 6/22 MP: 2/2
   147 | D:1      | Slain by a hobgoblin

Levels and vault maps discovered:
D:1:      dpeg_arrival_court, layout_rooms

Skill      XL: |  1 |
---------------+----+-----
Dodging        | 1 |  1.0
Fighting       | |  2.1
Short Blades   | |  1.7
Throwing       | |  1.5
Stealth        | |  3.4

Action                   || total
-------------------------++-------
Melee: Dagger            ||    36
 Stab: Sleeping          ||     2
Armor: Robe              ||    11
Dodge: Dodged            ||    25

Table legend:
 A = Non-vault XP
 B = Vault XP
 C = Vault XP percentage of total XP
 D = Non-vault monster count
 E = Vault monster count
 F = Vault count percentage of total count
                 A         B        C        D         E       F
            +---------+---------+-------+---------+---------+-------
      Total |      12 |       0 |   0.0 |       7 |       0 |   0.0
            +---------+---------+-------+---------+---------+-------
        D:1 |      12 |       0 |   0.0 |       7 |       0 |   0.0
            +---------+---------+-------+---------+---------+-------
